 Dungeon Crawl Stone Soup version 0.31-a0-1574-g5526595cd0 (webtiles) character file.

Game seed: 6245423447040663495

2 haldagan the Magician (level 1, 0/13 HPs)
             Began as a Mummy Enchanter on Jan 4, 2024.
             Slain by a hobgoblin (4 damage)
             ... on level 1 of the Dungeon.
             The game lasted 00:00:21 (39 turns).

haldagan the Magician (Mummy Enchanter)               Turns: 39, Time: 00:00:22

Health: 0/13       AC:  2    Str: 11    XL:     1   Next: 25%
Magic:  4/4        EV: 12    Int: 14    God:
Gold:   12         SH:  0    Dex: 12    Spells: 5/5 levels left

rFire   x . .        a - +1 dagger
rCold   + . .        (no shield)
rNeg    + + +        b - +0 robe
rPois   ∞            (no helmet)
rElec   .            (no cloak)
rCorr   .            (no gloves)
SInv    .            (no boots)
Will    .....        (no amulet)
Stlth   ++           (no ring)
HPRegen 0.22/turn    (no ring)
MPRegen 0.09/turn

%: faith
@: no status effects
A: cold resistance 1, negative energy resistance 3, torment resistance 2, heat
vulnerability 1, in touch with death 1, no potions, faith
a: no special abilities


You were on level 1 of the Dungeon.
You visited 1 branch of the dungeon, and saw 1 of its levels.

You collected 12 gold pieces.

Inventory:

Hand Weapons
 a - a +1 dagger (weapon)
Armour
 b - a +0 robe (worn)


   Skills:
 * Level 0.8 Short Blades
 + Level 1.6 Dodging
 * Level 2.4 Stealth
 + Level 2.7 Spellcasting
 + Level 2.7 Hexes


You had 5 spell levels left.
You didn't know any spells.
Your spell library contained the following spells:

 Spells                   Type           Power      Damage    Failure   Level
 Ensorcelled Hibernation  Hex/Ice        10%        N/A       19%         2
 Confusing Touch          Hex            9%         N/A       22%         3
 Tukima's Dance           Hex            9%         N/A       22%         3
 Dazzling Flash           Conj/Hex       10%        N/A       36%         3


Dungeon Overview and Level Annotations

Branches:
Dungeon (1/15)

Altars:


Innate Abilities, Weirdness & Mutations

You are immune to poison.
Your flesh is cold resistant. (rC+)
You are immune to negative energy. (rN+++)
You are immune to unholy pain and torment.
You are vulnerable to heat. (rF-)
You are in touch with the powers of death.
You do not drink.
You have a special connection with the divine. (Faith)


Message History

You kill the rat!
No target in view!
A rat and a bat come into view.
Found a coppery potion.
The rat squeaks loudly.
There are monsters nearby!
There are monsters nearby!
You hit the bat.
The bat is severely wounded.
The bat closely misses you.
A hobgoblin comes into view.
Found a scroll labelled TURUCW FIJIEGH.
The bat barely misses you. The bat hits you.
You closely miss the bat.
The bat is severely wounded.
The hobgoblin shouts!
The bat hits you. The rat bites you.
You hit the bat but do no damage.
The bat is severely wounded.
The bat barely misses you. The rat closely misses you.
You hit the bat.
You kill the bat!
The rat misses you.
You hit the rat.
You kill the rat!
The hobgoblin hits you.
You are too injured to fight recklessly!
You are too injured to fight recklessly!
You are too injured to fight recklessly!
You closely miss the hobgoblin.
An endoplasm comes into view.
The hobgoblin hits you but does no damage.
The endoplasm quivers.
You hit the hobgoblin.
The hobgoblin is moderately wounded.
The hobgoblin hits you.
You closely miss the hobgoblin.
The hobgoblin is moderately wounded.
The hobgoblin hits you.
You die...

....... ......?..
#.### ......... #.#..
.........
#.#.###........
######.#.......!...
#......#....†...# ##.
#......#........# ...
#......#....@...# #>#
#...........g....J.
#.#
#.###..............
#.#
#.#................
#.#
##'#.##.........####
#.###........########
#........##..#
....(..........#
'#############.#


You could see an endoplasm and a hobgoblin.

Vanquished Creatures
  A bat (D:1)
  2 rats (D:1)
3 creatures vanquished.

Notes
Turn   | Place    | Note
-------+----------+-------------------------------------------
     0 | D:1      | haldagan the Mummy Enchanter began the quest for the Orb.
     0 | D:1      | Reached XP level 1. HP: 13/13 MP: 4/4
    39 | D:1      | Slain by a hobgoblin

Illustrated notes

Levels and vault maps discovered:
D:1:      giann_horns, layout_basic, interstate_on_off

Action                     || total
---------------------------++-------
  Melee: Dagger            ||     9
 Armour: Robe              ||     7
  Dodge: Dodged            ||     5

Table legend: (Time is in decaauts)
 A = Elapsed time spent in this place.
 B = Non-inter-level travel time spent in this place.
 C = Inter-level travel time spent in this place.
 D = Time resting spent in this place.
 E = Time spent auto-exploring this place.
 F = Levels seen in this place.
 G = Mean time per level.
                   A        B        C        D        E       F      G
               +--------+--------+--------+--------+--------+-----+--------+
         Total |     38 |     38 |      0 |      0 |     21 |   1 |   38.0 |
       Dungeon |     38 |     38 |      0 |      0 |     21 |   1 |   38.0 |
               +--------+--------+--------+--------+--------+-----+--------+

Top non-repeatable levels by time:
     D:1: 38 daAuts
